| TOP OF THE 1ST |
|
Fort Wayne TinCaps batting - Pitching for Kane County Cougars : LHP Nate Earnshaw
|
|
Pitching: LHP Nate Earnshaw
|
|
|
Batting: SHB Adam Martin
|
0-0: Ball 1-0: Called Strike 1-1: Ball 2-1: Ball 3-1: Foul Ball, location: 2F 3-2: Ground out 4-3 (Groundball, 4, EV 82.5 MPH)
|
|
Batting: RHB Juan Martinez
|
0-0: Foul Ball, location: 2F 0-1: Foul Ball, location: 2F 0-2: Ball 1-2: Foul Ball, location: 2F 1-2: Fly out, F4 (Popup, 4MD, EV 59.4 MPH)
|
|
Batting: SHB Josh Parker
|
0-0: Fly out, F9 (Flyball, 9, EV 98.1 MPH)
|
| Top of the 1st over - 0 runs, 0 hits, 0 errors, 0 left on base; Fort Wayne 0 - Kane County 0 |
| BOTTOM OF THE 1ST |
|
Kane County Cougars batting - Pitching for Fort Wayne TinCaps : LHP Luis Sanchez
|
|
Pitching: LHP Luis Sanchez
|
|
|
Batting: RHB Dave Vargas
|
0-0: Foul Ball, location: 2F 0-1: SINGLE (Line Drive, 9S, EV 102.5 MPH)
|
|
Batting: RHB Franklin Villanueva
|
Pickoff Throw to First - Out! 1-3 0-0: Called Strike 0-1: Ball 1-1: SINGLE (Groundball, 6, EV 110.6 MPH)
|
|
Batting: RHB John Pena
|
0-0: Ball 1-0: Called Strike 1-1: Ball 2-1: DOUBLE (Flyball, 8LXD, EV 92.5 MPH) Franklin Villanueva to third Runner from 3rd tries for Home, SAFE, no throw by CF
|
|
Batting: RHB Curt Barrett
|
0-0: Called Strike 0-1: Ball 1-1: Fly out, F4 (Popup, 23, EV 90.6 MPH)
|
|
Batting: RHB Jake Hodge
|
0-0: Fly out, F7 (Flyball, 7D, EV 109.4 MPH)
|
| Bottom of the 1st over - 1 run, 3 hits, 0 errors, 1 left on base; Fort Wayne 0 - Kane County 1 |
| TOP OF THE 2ND |
|
Fort Wayne TinCaps batting - Pitching for Kane County Cougars : LHP Nate Earnshaw
|
|
Batting: RHB Davey Verhoog
|
0-0: Foul Ball, location: 2F 0-1: Swinging Strike 0-2: Ball 1-2: Ball 2-2: Ball 3-2: Foul Ball, location: 2F 3-2: Strikes out looking
|
|
Batting: RHB Rodolfo Rivera
|
0-0: Called Strike 0-1: SINGLE (Line Drive, 9S, EV 108.8 MPH)
|
|
Batting: RHB Mike Maserang
|
0-0: Ball 1-0: Swinging Strike 1-1: Ball 2-1: Fly out, F8 (Flyball, 8RD, EV 102.5 MPH)
|
|
Batting: RHB Rich Justice
|
0-0: Called Strike 0-1: Called Strike 0-2: Fly out, F9 (Flyball, 9, EV 90.0 MPH)
|
| Top of the 2nd over - 0 runs, 1 hit, 0 errors, 1 left on base; Fort Wayne 0 - Kane County 1 |
| BOTTOM OF THE 2ND |
|
Kane County Cougars batting - Pitching for Fort Wayne TinCaps : LHP Luis Sanchez
|
|
Batting: LHB T.J. Duvall
|
0-0: Swinging Strike 0-1: Called Strike 0-2: Strikes out swinging
|
|
Batting: LHB Brian Nielsen
|
0-0: Ground out 4-3 (Groundball, 4, EV 79.4 MPH)
|
|
Batting: RHB Jason Rivers
|
0-0: Ground out 3-1 (Groundball, 34S, EV 92.5 MPH)
|
| Bottom of the 2nd over - 0 runs, 0 hits, 0 errors, 0 left on base; Fort Wayne 0 - Kane County 1 |
| TOP OF THE 3RD |
|
Fort Wayne TinCaps batting - Pitching for Kane County Cougars : LHP Nate Earnshaw
|
|
Batting: LHB Mike Schermerhorn
|
0-0: Ball 1-0: Called Strike 1-1: Swinging Strike 1-2: Fly out, F9 (Flyball, 9, EV 86.9 MPH)
|
|
Batting: RHB Brian Burd
|
0-0: Foul Ball, location: 2F 0-1: Hit by Pitch
|
|
Batting: SHB Adam Martin
|
0-0: Ball 1-0: Called Strike 1-1: Ball Brian Burd is caught stealing 2nd base 2-4 2-1: Ball 3-1: DOUBLE (Line Drive, 9LM, EV 93.1 MPH)
|
|
Batting: RHB Juan Martinez
|
0-0: Ball 1-0: DOUBLE (Flyball, 8RXD, EV 101.9 MPH) Adam Martin scores
|
|
Batting: SHB Josh Parker
|
0-0: Ball 1-0: Ball 2-0: Ground out 5-3 (Groundball, 5L, EV 90.0 MPH)
|
| Top of the 3rd over - 1 run, 2 hits, 0 errors, 1 left on base; Fort Wayne 1 - Kane County 1 |
| BOTTOM OF THE 3RD |
|
Kane County Cougars batting - Pitching for Fort Wayne TinCaps : LHP Luis Sanchez
|
|
Batting: RHB Mike Persinger
|
0-0: Fly out, F4 (Line Drive, 4, EV 68.8 MPH)
|
|
Batting: RHB Dave Vargas
|
0-0: Ball 1-0: Ground out 4-3 (Groundball, 4M, EV 86.9 MPH)
|
|
Batting: RHB Franklin Villanueva
|
0-0: Swinging Strike 0-1: Ball 1-1: Foul Ball, location: 2F 1-2: DOUBLE (Line Drive, 8LXD, EV 104.4 MPH)
|
|
Batting: RHB John Pena
|
0-0: Called Strike 0-1: Fly out, F8 (Flyball, 8RM, EV 90.0 MPH)
|
| Bottom of the 3rd over - 0 runs, 1 hit, 0 errors, 1 left on base; Fort Wayne 1 - Kane County 1 |
| TOP OF THE 4TH |
|
Fort Wayne TinCaps batting - Pitching for Kane County Cougars : LHP Nate Earnshaw
|
|
Batting: RHB Davey Verhoog
|
0-0: Called Strike 0-1: Ball 1-1: SINGLE (Flyball, 3D, EV 95.6 MPH)
|
|
Batting: RHB Rodolfo Rivera
|
0-0: Ball Davey Verhoog is caught stealing 2nd base 2-4 1-0: Foul Ball, location: 2F 1-1: Ball 2-1: Foul Ball, location: 2F 2-2: Foul Ball, location: 2F 2-2: Ground out 5-3 (Groundball, 5, EV 86.9 MPH)
|
|
Batting: RHB Mike Maserang
|
0-0: Fly out, F9 (Flyball, 9D, EV 88.8 MPH)
|
| Top of the 4th over - 0 runs, 1 hit, 0 errors, 0 left on base; Fort Wayne 1 - Kane County 1 |
| BOTTOM OF THE 4TH |
|
Kane County Cougars batting - Pitching for Fort Wayne TinCaps : LHP Luis Sanchez
|
|
Batting: RHB Curt Barrett
|
0-0: Foul Ball, location: 2F 0-1: Foul Ball, location: 2F 0-2: Ball 1-2: Foul Ball, location: 2F 1-2: Ground out 5-3 (Groundball, 5, EV 83.1 MPH)
|
|
Batting: RHB Jake Hodge
|
0-0: Ball 1-0: Ball 2-0: Ball 3-0: Base on Balls
|
|
Batting: LHB T.J. Duvall
|
0-0: Ball Pickoff Throw to First - Out! 1-3 1-0: Ball 2-0: Ball 3-0: Base on Balls
|
|
Batting: LHB Brian Nielsen
|
0-0: Ball 1-0: Fielders Choice at 2nd, 6-4 (Groundball, 6, EV 93.8 MPH)
|
| Bottom of the 4th over - 0 runs, 0 hits, 0 errors, 1 left on base; Fort Wayne 1 - Kane County 1 |
| TOP OF THE 5TH |
|
Fort Wayne TinCaps batting - Pitching for Kane County Cougars : LHP Nate Earnshaw
|
|
Batting: RHB Rich Justice
|
0-0: Foul Ball, location: 2F 0-1: Hit by Pitch
|
|
Batting: LHB Mike Schermerhorn
|
0-0: Fly out, F9 (Flyball, 89S, EV 95.0 MPH)
|
|
Batting: RHB Brian Burd
|
0-0: Ball 1-0: Called Strike 1-1: Ball Rich Justice is caught stealing 2nd base 2-4 2-1: Foul Ball, location: 2F 2-2: Foul Ball, location: 2F 2-2: SINGLE (Groundball, 56D, EV 104.4 MPH)
|
|
Batting: SHB Adam Martin
|
0-0: Ball 1-0: Ball 2-0: Foul Ball, location: 2F 2-1: Foul Ball, location: 2F 2-2: Foul Ball, location: 2F 2-2: Ball 3-2: Ground out 5-3 (Groundball, 56, EV 87.5 MPH)
|
| Top of the 5th over - 0 runs, 1 hit, 0 errors, 1 left on base; Fort Wayne 1 - Kane County 1 |
| BOTTOM OF THE 5TH |
|
Kane County Cougars batting - Pitching for Fort Wayne TinCaps : LHP Luis Sanchez
|
|
Batting: RHB Jason Rivers
|
0-0: Ball 1-0: Foul Ball, location: 2F 1-1: Ground out 1-3 (Groundball, 13S, EV 69.4 MPH)
|
|
Batting: RHB Mike Persinger
|
0-0: Ball 1-0: Ball 2-0: Called Strike 2-1: DOUBLE (Line Drive, 89XD, EV 102.5 MPH)
|
|
Batting: RHB Dave Vargas
|
0-0: Ball 1-0: Swinging Strike 1-1: Fly out, F8 (Flyball, 8LM, EV 80.6 MPH)
|
|
Batting: RHB Franklin Villanueva
|
0-0: Called Strike 0-1: Ground out 6-3 (Groundball, P, EV 93.1 MPH)
|
| Bottom of the 5th over - 0 runs, 1 hit, 0 errors, 1 left on base; Fort Wayne 1 - Kane County 1 |
| TOP OF THE 6TH |
|
Fort Wayne TinCaps batting - Pitching for Kane County Cougars : LHP Nate Earnshaw
|
|
Batting: RHB Juan Martinez
|
0-0: Ball 1-0: Foul Ball, location: 2F 1-1: Foul Ball, location: 2F 1-2: Foul Ball, location: 2F 1-2: Strikes out swinging
|
|
Batting: SHB Josh Parker
|
0-0: SINGLE (Groundball, 6MD, EV 104.4 MPH)
|
|
Pitching: RHP Andy Jensen
|
|
|
Batting: RHB Davey Verhoog
|
0-0: Called Strike 0-1: Foul Ball, location: 2F 0-2: Ball 1-2: Strikes out looking
|
|
Batting: RHB Rodolfo Rivera
|
0-0: Fly out, F8 (Line Drive, 8LM, EV 93.8 MPH)
|
| Top of the 6th over - 0 runs, 1 hit, 0 errors, 1 left on base; Fort Wayne 1 - Kane County 1 |
| BOTTOM OF THE 6TH |
|
Kane County Cougars batting - Pitching for Fort Wayne TinCaps : LHP Luis Sanchez
|
|
Batting: RHB John Pena
|
0-0: Called Strike 0-1: Called Strike 0-2: Ground out U3 (Groundball, 34S, EV 78.1 MPH)
|
|
Batting: RHB Curt Barrett
|
0-0: Ball 1-0: Foul Ball, location: 2F 1-1: Ground out 4-3 (Groundball, 13, EV 81.9 MPH)
|
|
Batting: RHB Jake Hodge
|
0-0: Ball 1-0: SINGLE (Line Drive, 4MD, EV 94.4 MPH)
|
|
Batting: LHB T.J. Duvall
|
0-0: Called Strike 0-1: Ball 1-1: Ball 2-1: Foul Ball, location: 2F 2-2: Ground out U3 (Groundball, 3, EV 80.0 MPH)
|
| Bottom of the 6th over - 0 runs, 1 hit, 0 errors, 1 left on base; Fort Wayne 1 - Kane County 1 |
| TOP OF THE 7TH |
|
Fort Wayne TinCaps batting - Pitching for Kane County Cougars : RHP Andy Jensen
|
|
Pitching: LHP Robert Fuentes
|
|
|
Batting: RHB Mike Maserang
|
0-0: Foul Ball, location: 2F 0-1: Ball 1-1: Ball 2-1: Swinging Strike 2-2: Strikes out swinging
|
|
Batting: RHB Rich Justice
|
0-0: Ball 1-0: SINGLE (Line Drive, 5, EV 95.0 MPH)
|
|
Pinch Hitting: RHB Melvin Villagomez
|
0-0: Called Strike 0-1: Ball 1-1: Ball 2-1: Foul Ball, location: 2F 2-2: Foul Ball, location: 2F 2-2: Ball 3-2: Foul Ball, location: 2F 3-2: Foul Ball, location: 2F 3-2: Strikes out swinging
|
|
Batting: RHB Brian Burd
|
0-0: Fielders Choice at 2nd, 6-4 (Groundball, 6, EV 103.1 MPH)
|
| Top of the 7th over - 0 runs, 1 hit, 0 errors, 1 left on base; Fort Wayne 1 - Kane County 1 |
| BOTTOM OF THE 7TH |
|
Kane County Cougars batting - Pitching for Fort Wayne TinCaps : LHP Luis Sanchez
|
|
Now in LF: James Sousa
|
|
|
Now in RF: Davey Verhoog
|
|
|
Batting: LHB Brian Nielsen
|
0-0: Ball 1-0: Foul Ball, location: 2F 1-1: Ball 2-1: Ball 3-1: Called Strike 3-2: Strikes out swinging
|
|
Batting: RHB Jason Rivers
|
0-0: Called Strike 0-1: Ball 1-1: Foul Ball, location: 2F 1-2: Foul Ball, location: 2F 1-2: Ball 2-2: Ball 3-2: Strikes out swinging
|
|
Batting: RHB Mike Persinger
|
0-0: Ball 1-0: Ball 2-0: Fly out, F8 (Flyball, 8RD, EV 96.9 MPH)
|
| Bottom of the 7th over - 0 runs, 0 hits, 0 errors, 0 left on base; Fort Wayne 1 - Kane County 1 |
| TOP OF THE 8TH |
|
Fort Wayne TinCaps batting - Pitching for Kane County Cougars : LHP Robert Fuentes
|
|
Pitching: LHP Yorihiko Honda
|
|
|
Batting: SHB Adam Martin
|
0-0: SINGLE (Groundball, 34D, EV 98.8 MPH)
|
|
Batting: RHB Juan Martinez
|
0-0: Called Strike 0-1: Ball 1-1: Ball 2-1: Called Strike 2-2: Foul Ball, location: 2F 2-2: Strikes out swinging
|
|
Batting: SHB Josh Parker
|
0-0: Ball 1-0: Grounds into double play, 5-4-3 (Groundball, 5, EV 98.1 MPH)
|
| Top of the 8th over - 0 runs, 1 hit, 0 errors, 0 left on base; Fort Wayne 1 - Kane County 1 |
| BOTTOM OF THE 8TH |
|
Kane County Cougars batting - Pitching for Fort Wayne TinCaps : LHP Luis Sanchez
|
|
Pitching: RHP Andre Wiltz
|
|
|
Batting: RHB Dave Vargas
|
0-0: Ball 1-0: Ball 2-0: Called Strike 2-1: Foul Ball, location: 2F 2-2: Ball 3-2: Fly out, F9 (Flyball, 9, EV 95.6 MPH)
|
|
Batting: RHB Franklin Villanueva
|
0-0: Called Strike 0-1: Foul Ball, location: 2F 0-2: Ball 1-2: Foul Ball, location: 2F 1-2: Ball 2-2: Ball 3-2: Fly out, F8 (Flyball, 8RD, EV 95.0 MPH)
|
|
Batting: RHB John Pena
|
0-0: Ground out 4-3 (Groundball, 4S, EV 83.1 MPH)
|
| Bottom of the 8th over - 0 runs, 0 hits, 0 errors, 0 left on base; Fort Wayne 1 - Kane County 1 |
| TOP OF THE 9TH |
|
Fort Wayne TinCaps batting - Pitching for Kane County Cougars : LHP Yorihiko Honda
|
|
Pitching: RHP Jose Fernandez
|
|
|
Pinch Hitting: LHB Angel Mejia
|
0-0: Ball 1-0: Ground out U3 (Groundball, 3, EV 79.4 MPH)
|
|
Batting: RHB Rodolfo Rivera
|
0-0: Called Strike 0-1: Called Strike 0-2: Ball 1-2: Ball 2-2: Strikes out swinging
|
|
Batting: RHB Mike Maserang
|
0-0: Called Strike 0-1: Ball 1-1: Ball 2-1: Foul Ball, location: 2F 2-2: Strikes out swinging
|
| Top of the 9th over - 0 runs, 0 hits, 0 errors, 0 left on base; Fort Wayne 1 - Kane County 1 |
| BOTTOM OF THE 9TH |
|
Kane County Cougars batting - Pitching for Fort Wayne TinCaps : RHP Andre Wiltz
|
|
Pitching: RHP Zach Monlux
|
|
|
Now at 2B: Angel Mejia
|
|
|
Now in RF: Adam Martin
|
|
|
Batting: RHB Curt Barrett
|
0-0: Ball 1-0: Called Strike 1-1: Swinging Strike 1-2: Strikes out swinging
|
|
Batting: RHB Jake Hodge
|
0-0: Ball 1-0: Ball 2-0: Ball 3-0: Called Strike 3-1: Foul Ball, location: 2F 3-2: Ground out 1-6-3 (Groundball, 15S, EV 108.1 MPH)
|
|
Batting: LHB T.J. Duvall
|
0-0: Called Strike 0-1: Ball 1-1: Foul Ball, location: 2F 1-2: Ball 2-2: Strikes out swinging
|
| Bottom of the 9th over - 0 runs, 0 hits, 0 errors, 0 left on base; Fort Wayne 1 - Kane County 1 |
| TOP OF THE 10TH |
|
Fort Wayne TinCaps batting - Pitching for Kane County Cougars : RHP Jose Fernandez
|
|
Batting: RHB Rich Justice
|
0-0: Ball 1-0: Called Strike 1-1: Ball 2-1: Foul Ball, location: 2F 2-2: Ball 3-2: Strikes out swinging
|
|
Batting: LHB James Sousa
|
0-0: Ball 1-0: Called Strike 1-1: Ball 2-1: Ball 3-1: SINGLE (Flyball, 3D, EV 92.5 MPH)
|
|
Batting: RHB Brian Burd
|
0-0: Ball 1-0: Called Strike 1-1: Foul Ball, location: 2F 1-2: Foul Ball, location: 2F 1-2: Ball 2-2: Strikes out swinging
|
|
Pitching: LHP Frank Rowe
|
|
|
Batting: SHB Adam Martin
|
0-0: Fly out, F8 (Flyball, 78M, EV 94.4 MPH)
|
| Top of the 10th over - 0 runs, 1 hit, 0 errors, 1 left on base; Fort Wayne 1 - Kane County 1 |
| BOTTOM OF THE 10TH |
|
Kane County Cougars batting - Pitching for Fort Wayne TinCaps : RHP Zach Monlux
|
|
Pitching: RHP Arturo Diaz
|
|
|
Batting: LHB Brian Nielsen
|
0-0: Called Strike 0-1: Called Strike 0-2: SINGLE (Line Drive, 56D, EV 96.3 MPH)
|
|
Batting: RHB Jason Rivers
|
|
|
Pinch Hitting: LHB Ron Tipton
|
0-0: Called Strike 0-1: Fly out, F4 (Line Drive, 4, EV 72.5 MPH)
|
|
Batting: RHB Marlon Reda
|
0-0: Foul Ball, location: 2F 0-1: Ball 1-1: Ball 2-1: Ball 3-1: Base on Balls Brian Nielsen to second
|
|
Batting: RHB Dave Vargas
|
0-0: Called Strike 0-1: Called Strike 0-2: Ball 1-2: Foul Ball, location: 2F 1-2: Fly out, F8 (Line Drive, 8RM, EV 89.4 MPH)
|
|
Batting: RHB Franklin Villanueva
|
0-0: Ball 1-0: Foul Ball, location: 2F 1-1: Foul Ball, location: 2F 1-2: Strikes out swinging
|
| Bottom of the 10th over - 0 runs, 1 hit, 0 errors, 2 left on base; Fort Wayne 1 - Kane County 1 |
| TOP OF THE 11TH |
|
Fort Wayne TinCaps batting - Pitching for Kane County Cougars : LHP Frank Rowe
|
|
Now at SS: Ron Tipton
|
|
|
Batting: RHB Juan Martinez
|
0-0: Ball 1-0: SINGLE (Groundball, 6M, EV 100.0 MPH)
|
|
Batting: SHB Josh Parker
|
0-0: Foul Ball, location: 2F 0-1: Ball 1-1: Foul Ball, location: 2F 1-2: Ball 2-2: Foul Ball, location: 2F 2-2: Fly out, F8 (Flyball, 8RXD, EV 96.3 MPH)
|
|
Batting: LHB Angel Mejia
|
0-0: Ball 1-0: Foul Ball, location: 2F 1-1: Ball 2-1: Ball 3-1: Base on Balls Juan Martinez to second
|
|
Batting: RHB Rodolfo Rivera
|
0-0: Called Strike 0-1: Ball 1-1: Ball 2-1: Swinging Strike 2-2: Ball 3-2: Strikes out swinging
|
|
Batting: RHB Mike Maserang
|
0-0: Called Strike 0-1: Ball 1-1: Ball 2-1: Called Strike 2-2: Ball 3-2: SINGLE (Groundball, 56D, EV 110.0 MPH) (infield hit) Juan Martinez to third Angel Mejia to second
|
|
Batting: RHB Rich Justice
|
0-0: Ball 1-0: Called Strike 1-1: Swinging Strike 1-2: Strikes out swinging
|
| Top of the 11th over - 0 runs, 2 hits, 0 errors, 3 left on base; Fort Wayne 1 - Kane County 1 |
| BOTTOM OF THE 11TH |
|
Kane County Cougars batting - Pitching for Fort Wayne TinCaps : RHP Arturo Diaz
|
|
Pitching: RHP Eddie Starks
|
|
|
Batting: RHB John Pena
|
0-0: Reached on error, E6 (Groundball, 6, EV 82.5 MPH)
|
|
Batting: RHB Curt Barrett
|
0-0: Grounds into double play, 6-4-3 (Groundball, 6, EV 79.4 MPH)
|
|
Batting: RHB Jake Hodge
|
0-0: Called Strike 0-1: Swinging Strike 0-2: SINGLE (Groundball, 34D, EV 95.6 MPH)
|
|
Batting: LHB T.J. Duvall
|
0-0: Ball 1-0: Called Strike 1-1: Foul Ball, location: 2F 1-2: Ball 2-2: Fly out, F7 (Line Drive, 7, EV 90.0 MPH)
|
| Bottom of the 11th over - 0 runs, 1 hit, 1 error, 1 left on base; Fort Wayne 1 - Kane County 1 |
| TOP OF THE 12TH |
|
Fort Wayne TinCaps batting - Pitching for Kane County Cougars : LHP Frank Rowe
|
|
Pinch Hitting: RHB Nelson Trujillo
|
0-0: SOLO HOME RUN (Flyball, 7D, EV 100.0 MPH), Distance : 370 ft
|
|
Batting: RHB Brian Burd
|
0-0: Called Strike 0-1: Ground out U3 (Groundball, 34S, EV 85.0 MPH)
|
|
Batting: SHB Adam Martin
|
0-0: Ball 1-0: Fly out, F6 (Line Drive, 6, EV 68.8 MPH)
|
|
Batting: RHB Juan Martinez
|
0-0: Swinging Strike 0-1: Called Strike 0-2: Ball 1-2: Foul Ball, location: 2F 1-2: SINGLE (Groundball, 6S, EV 60.6 MPH) (infield hit)
|
|
Batting: SHB Josh Parker
|
Pickoff Throw to First - Error! E1 Juan Martinez to second 0-0: Ball 1-0: Foul Ball, location: 2F 1-1: Ball 2-1: Ball 3-1: Called Strike 3-2: Ground out 4-3 (Groundball, 4, EV 86.9 MPH)
|
| Top of the 12th over - 1 run, 2 hits, 1 error, 1 left on base; Fort Wayne 2 - Kane County 1 |
| BOTTOM OF THE 12TH |
|
Kane County Cougars batting - Pitching for Fort Wayne TinCaps : RHP Eddie Starks
|
|
Now in LF: Nelson Trujillo
|
|
|
Batting: LHB Brian Nielsen
|
0-0: Ball 1-0: Swinging Strike 1-1: SINGLE (Groundball, 4S, EV 65.0 MPH) (infield hit)
|
|
Batting: LHB Ron Tipton
|
0-0: Swinging Strike 0-1: Foul Ball, location: 2F 0-2: Strikes out swinging
|
|
Batting: RHB Marlon Reda
|
0-0: Called Strike 0-1: Ball 1-1: Ball 2-1: Ball 3-1: Swinging Strike 3-2: Strikes out swinging
|
|
Pitching: RHP Roger Brennan
|
|
|
Batting: RHB Dave Vargas
|
0-0: Ball 1-0: Called Strike 1-1: Fly out, F8 (Flyball, 8LXD, EV 91.3 MPH)
|
| Bottom of the 12th over - 0 runs, 1 hit, 0 errors, 1 left on base; Fort Wayne 2 - Kane County 1 |
|